 Dungeon Crawl Stone Soup version 0.27.1-37-g7b29ead8ac (console) character file.

Game seed: 6136561132192526410

21 grimtooth the Stinger (level 2, -1/19 HPs)
             Began as a Barachi Venom Mage on Sept 2, 2023.
             Succumbed to an adder's poison
             ... on level 2 of the Dungeon.
             The game lasted 00:04:36 (1408 turns).

grimtooth the Stinger (Barachi Venom Mage)          Turns: 1408, Time: 00:04:37

Health: -1/19      AC:  2    Str:  9    XL:     2   Next: 87%
Magic:  0/5        EV: 12    Int: 15    God:
Gold:   29         SH:  0    Dex: 12    Spells: 2/5 levels left

rFire    . . .     SeeInvis .   i - +0 dagger
rCold    . . .     Faith    .   (no shield)
rNeg     . . .     Spirit   .   a - +0 robe
rPois    .         Reflect  .   (no helmet)
rElec    .         Harm     .   (no cloak)
rCorr    .         Rampage  .   (no gloves)
Will     .....                  (no boots)
Stlth    ++........             (no amulet)
HPRegen  0.06/turn              (no ring)
MPRegen  0.09/turn              (no ring)

@: lethally poisoned (-1 -> -9), unable to hop, slow
A: amphibious, slowness 1, strong legs 1, +LOS
a: Hop


You were on level 2 of the Dungeon.
You visited 1 branch of the dungeon, and saw 2 of its levels.

You collected 29 gold pieces.

Inventory:

Hand Weapons
 i - a +0 dagger (weapon)
Missiles
 b - 84 stones
Armour
 a - a +0 robe (worn)
Magical Staves
 c - a staff of air
Jewellery
 h - a ring of resist corrosion
Scrolls
 d - 2 scrolls of noise {unknown}
 f - a scroll of fog {unknown}
Potions
 g - a potion of lignification {unknown}


   Skills:
 - Level 2.1 Dodging
 - Level 1.7 Stealth
 - Level 2.1 Spellcasting
 - Level 1.1 Transmutations
 + Level 4.4 Poison Magic


You had 2 spell levels left.
You knew the following spells:

 Your Spells              Type           Power      Damage    Failure   Level
a - Sting                 Tmut/Pois      36%        1d4       7%          1
b - Poisonous Vapours     Pois/Air       16%        N/A       13%         2

Your spell library contained the following spells:

 Spells                   Type           Power      Damage    Failure   Level
 Mephitic Cloud           Conj/Pois/Air  6%         N/A       34%         3
 Olgreb's Toxic Radiance  Pois           14%        N/A       34%         4


Dungeon Overview and Level Annotations

Branches:
Dungeon (2/15)

Altars:

Shops:
D:1 :?


Innate Abilities, Weirdness & Mutations

You are amphibious.
You cover ground slowly.
You can hop short distances.
You have an extended range of vision and can be seen from far away.


Message History

Casting: Sting (safe; 7% risk of failure)
Confirm with . or Enter, or press ? or * to list all spells.
Aiming: Sting (safe; 7% risk of failure)
Press: ? - help, Shift-Dir - straight line, f/p - adder
Aim: an adder (48% to hit)
The sting misses the adder.
You feel sick. The adder bites you.
* * * LOW HITPOINT WARNING * * *
Casting: Sting (safe; 7% risk of failure)
Confirm with . or Enter, or press ? or * to list all spells.
Aiming: Sting (safe; 7% risk of failure)
Press: ? - help, Shift-Dir - straight line, f/p - adder
Aim: an adder (48% to hit)
The sting misses the adder.
* * * LOW HITPOINT WARNING * * *
You feel sick. The adder bites you but does no damage.
Enter note: - well this aint going well Hop to where?
Press: ? - help, Dir - move target, p - adder Boing!
* * * LOW HITPOINT WARNING * * *
You feel sick.
It was a potion of curing.
You feel better.
Casting: Sting (safe; 7% risk of failure)
Confirm with . or Enter, or press ? or * to list all spells.
Aiming: Sting (safe; 7% risk of failure)
Press: ? - help, Shift-Dir - straight line, f - adder
Aim: an adder (48% to hit)
The sting hits the adder.
The adder is poisoned.
The adder is moderately wounded.
The adder closely misses you. The adder bites you.
You are poisoned.
The adder poisons you!
Your magical contamination has completely faded away.
* * * LOW HITPOINT WARNING * * *
You feel sick.
The adder looks more healthy.
The adder bites you.
* * * LOW HITPOINT WARNING * * *
You are more poisoned.
The adder poisons you!
You die...

###.####.###.#
#......S...#.#
#.#.####.#?#.#
# #.# ...#.#.#
#.##.#...#>#
#.##...#.#.#
#.########.#
#.##.......#
#.##.#######
#S##.# #..@.#
######


You could see an adder.

Vanquished Creatures
  2 ball pythons (D:1)
  6 endoplasms
  A giant cockroach (D:1)
  A goblin (D:1)
  2 hobgoblins (D:1)
  A kobold (D:1)
  3 bats (D:1)
  A frilled lizard (D:1)
  A rat (D:1)
18 creatures vanquished.

Notes
Turn   | Place    | Note
-------+----------+-------------------------------------------
     0 | D:1      | grimtooth the Barachi Venom Mage began the quest for the
                  | Orb.
     0 | D:1      | Reached XP level 1. HP: 13/13 MP: 3/3
   294 | D:1      | Reached XP level 2. HP: 19/19 MP: 0/5
   542 | D:1      | Found Nesch's Book Boutique.
   559 | D:1      | Reached skill level 4 in Poison Magic
   714 | D:1      | Found a faded altar of an unknown god.
   842 | D:1      | Found Zegumm's Magic Scroll Emporium.
  1389 | D:2      | Learned a level 2 spell: Poisonous Vapours
  1397 | D:2      | - well this aint going well
  1408 | D:2      | Succumbed to an adder's poison

Illustrated notes

#.....# ..#
#....<### ..#
###.......#
..#
#.........#
#.#
#.........#
#.#
#.........#
#.#
#.........#
##### #.#
#.#########
...# #.# #.#
###.####.###.#
#........@.#.#
#.#.####.#S#.#
# #.# ...#.#.#
#.##.#...#>#
#.##...#.#.#
#.########.#
#.##.......#
#.##.#######
#.##.# #....#
######


Turn 1397 on D:2: - well this aint going well

Levels and vault maps discovered:
D:1:      dpeg_arrival_signposts, layout_basic, serial_shops, shop,
          nicolae_shop_crystal, chequers_ecumenical_altar_lobes,
          minmay_misc_feat_rugged, minmay_pentomino_u2
D:2:      layout_basic

Skill      XL: |  1  2 |
---------------+-------+-----
Poison Magic   | 4 |  4.4
Dodging        | |  2.1
Stealth        | |  1.7
Spellcasting   | |  2.1
Transmutations | |  1.1

Action                   || total
-------------------------++-------
 Cast: Sting             ||    45
 Abil: Hop               ||     1
  Use: Potion            ||     1
Armor: Robe              ||     5
Dodge: Dodged            ||    15
